Map: Jagannatha LE

Players

Dark

  • Race: Zerg Zerg
  • Spawn Location: 1:00

Serral - Winner!

  • Race: Zerg Zerg
  • Spawn Location: 7:00

Event: TSL 6

VOD

Have the link to the VOD?

Description

Time

  • Played on: Dec. 12, 2020, 2:37 p.m.
  • Length: 25:35

All games in this series

Show
View Real Time Build Order
Export as new Build Order

Dark Zerg 

Build Orders: Hatch First 

Get SALT Encoding   

  12  0:00  Drone  
  13  0:12  Overlord  
  13  0:17  Drone  
  14  0:32  Drone x2  
  16  0:49  Hatchery  
  15  0:52  Drone  
  15  0:55  Drone  
  17  1:00  Drone  
  18  1:10  Extractor  
  17  1:15  Spawning Pool  
  17  1:17  Drone  
  17  1:20  Drone  
  18  1:28  Drone  
  19  1:39  Drone  
  20  1:49  Drone  
  21  2:01  Queen x2  
  21  2:03  Drone x2  
  27  2:11  Overlord  
  27  2:13  Drone  
  28  2:15  Metabolic Boost  
  28  2:30  Drone x2  
  28  2:33  Zergling x2  
  28  2:34  Drone  
  32  2:38  Hatchery  
  31  2:45  Queen  
  33  2:54  Baneling Nest  
  33  2:56  Overlord  
  32  3:00  Drone  
  32  3:01  Drone  
  32  3:04  Drone  
  35  3:07  Zergling x2  
  36  3:15  Drone  
  36  3:16  Drone x3  
  36  3:18  Drone  
  41  3:21  Overlord  
  41  3:25  Zergling x2  
  42  3:27  Zergling x2  
  42  3:28  Drone  
  44  3:34  Lair  
  44  3:41  Drone x2  
  44  3:43  Drone x2  
  44  3:44  Extractor, Drone  
  44  3:47  Drone  
  49  3:48  Drone  
  49  3:51  Drone  
  51  3:57  Evolution Chamber  
  51  3:59  Roach Warren  
  51  4:01  Drone x2  
  51  4:04  Drone x2  
  51  4:07  Extractor  
  51  4:09  Extractor  
  51  4:11  Zergling x4  
  51  4:12  Drone x2  
  51  4:15  Drone x2  
  57  4:18  Drone  
  57  4:23  Overlord  
  58  4:27  Overlord  
  57  4:32  Overlord  
  57  4:35  Spire  
  57  4:36  Drone  
  57  4:37  Overlord  
  57  4:42  Drone x3  
  60  4:49  Drone x2  
  60  4:50  Drone  
  60  4:52  Drone  
  64  4:54  Drone x2  
  66  5:02  Zergling x4  
  66  5:05  Zergling x4, Extractor  
  69  5:07  Extractor, Drone x2  
  69  5:11  Overlord  
  70  5:16  Spine Crawler  
  70  5:17  Spine Crawler  
  70  5:19  Spine Crawler  
  68  5:22  Spine Crawler  
  68  5:26  Spine Crawler  
  68  5:28  Spine Crawler  
  65  5:30  Spine Crawler  
  65  5:33  Baneling x8  
  64  5:52  Mutalisk x6  
  72  5:58  Mutalisk  
  72  6:04  Mutalisk  
  68  6:12  Mutalisk  
  68  6:13  Zergling x6  
  69  6:24  Zergling x4, Queen x2  
  69  6:26  Mutalisk  
  71  6:34  Zergling x2  
  67  6:40  Zergling x4  
  67  6:47  Mutalisk  
  67  6:49  Drone  
  70  6:58  Drone  
  70  6:59  Drone x2  
  73  7:01  Mutalisk  
  73  7:03  Baneling  
  75  7:14  Mutalisk  
  76  7:20  Queen, Drone x4  
  82  7:23  Hatchery  
  81  7:32  Drone x2  
  81  7:36  Drone  
  84  7:37  Zerg Flyer Weapons Level 1  
  84  7:38  Drone x3  
  84  7:39  Drone x2  
  84  7:44  Extractor  
  88  7:45  Extractor, Drone x2  
  89  7:57  Hatchery, Mutalisk  
  90  7:59  Drone  
  90  8:00  Zerg Melee Weapons Level 1  
  91  8:06  Overlord  
  91  8:16  Overlord  
  91  8:19  Overlord  
  91  8:20  Baneling x2  
  91  8:21  Overlord  
  91  8:23  Overlord  
  91  8:25  Drone  
  91  8:26  Drone  
  93  8:30  Mutalisk x2  
  97  8:36  Mutalisk  
  97  8:37  Mutalisk x2  
  102  8:45  Mutalisk  
  102  8:47  Drone x4  
  108  8:50  Drone x2  
  108  8:54  Queen  
  112  8:57  Baneling x3  
  110  9:11  Mutalisk x3  
  110  9:14  Zergling x2  
  110  9:15  Zergling x10  
  118  9:18  Mutalisk  
  118  9:19  Mutalisk  
  118  9:22  Drone x2  
  118  9:24  Zergling x2  
  124  9:27  Mutalisk  
  124  9:30  Drone x3  
  127  9:33  Drone x2  
  127  9:35  Drone  
  127  9:36  Drone  
  127  9:37  Drone  
  132  9:38  Overseer  
  132  9:41  Drone  
  132  9:44  Zerg Flyer Weapons Level 2  
  133  9:54  Zerg Melee Weapons Level 2  
  133  9:55  Drone x2  
  133  9:58  Extractor, Drone x2  
  136  10:11  Centrifical Hooks  
  137  10:14  Drone x6  
  137  10:15  Drone x2  
  137  10:17  Extractor  
  137  10:18  Overlord  
  137  10:19  Overlord  
  143  10:22  Baneling x2  
  143  10:24  Overlord  
  143  10:30  Hatchery  
  143  10:31  Zergling x2  
  143  10:32  Zergling x2  
  143  10:34  Overlord x2  
  144  10:38  Zergling x16  
  144  10:39  Zergling x2  
  153  10:44  Zergling x6  
  153  10:45  Zergling x4  
  158  10:50  Zergling x10  
  158  10:54  Zergling x8  
  158  10:55  Zergling x2  
  168  10:58  Zergling x2  
  168  11:01  Zergling x2  
  170  11:06  Drone x2  
  170  11:09  Drone  
  170  11:10  Drone x2  
  175  11:13  Zergling x4  
  175  11:18  Baneling x12  
  177  11:19  Baneling  
  177  11:21  Baneling x9  
  177  11:24  Drone x5, Infestation Pit  
  181  11:26  Zergling x2  
  181  11:27  Zergling x4  
  181  11:32  Overlord  
  184  11:39  Overlord  
  181  11:43  Zergling x6  
  181  11:44  Zergling x16  
  181  11:46  Baneling x13  
  189  11:47  Baneling x2  
  189  11:55  Drone  
  189  11:56  Drone x3, Evolution Chamber  
  191  12:06  Baneling x6  
  191  12:08  Zergling x4  
  191  12:10  Hive  
  191  12:11  Zerg Ground Armor Level 1  
  191  12:14  Evolution Chamber, Baneling x11  
  189  12:17  Zergling x4  
  169  12:37  Zergling x40  
  169  12:38  Zergling x4  
  191  12:44  Hatchery  
  191  12:46  Pneumatized Carapace  
  191  12:47  Baneling  
  191  12:48  Baneling x7  
  191  12:51  Baneling x8  
  190  12:53  Zergling x4  
  191  13:02  Zergling x22  
  191  13:03  Baneling  
  191  13:04  Baneling x5  
  200  13:12  Zergling x4  
  198  13:15  Zergling x4, Baneling x5  
  198  13:16  Baneling x11  
  200  13:26  Adrenal Glands  
  200  13:27  Zerg Melee Weapons Level 3  
  200  13:28  Ultralisk Cavern  
  198  13:40  Overseer  
  198  13:42  Overlord  
  196  13:51  Viper  
  181  14:12  Viper  
  184  14:22  Ultralisk x2, Chitinous Plating  
  192  14:25  Viper  
  192  14:30  Extractor  
  188  14:43  Spine Crawler  
  188  14:44  Spine Crawler  
  185  14:47  Drone x3  
  185  14:48  Drone x2  
  185  14:50  Spine Crawler, Extractor  
  185  14:52  Zerg Ground Armor Level 2  
  188  14:53  Zergling x12  
  192  15:01  Baneling x3  
  192  15:03  Overseer  
  186  15:10  Ultralisk x2  
  186  15:12  Zergling x24  
  198  15:15  Baneling x6  
  197  15:40  Overseer  
  197  15:41  Anabolic Synthesis  
  195  15:42  Baneling  
  195  15:43  Baneling x12  
  195  15:50  Overlord, Overseer  
  195  15:52  Overlord  
  195  15:55  Overlord x2  
  195  15:57  Zergling x6  
  195  15:58  Zergling x2  
  195  16:01  Baneling  
  197  16:11  Zergling x4  
  199  16:12  Baneling x6  
  188  16:38  Ultralisk x3  
  180  16:40  Ultralisk x4  
  180  16:41  Zergling x6  
  193  16:47  Zergling x6, Evolution Chamber x2  
  193  16:49  Evolution Chamber  
  193  16:56  Baneling x5  
  193  17:03  Drone  
  193  17:04  Drone  
  193  17:06  Drone  
  193  17:08  Zergling x6  
  199  17:15  Zerg Ground Armor Level 3, Baneling x11  
  199  17:25  Spore Crawler  
  199  17:27  Spine Crawler  
  197  17:33  Overlord  
  197  17:39  Overlord  
  197  17:48  Overseer x4  
  172  17:57  Ultralisk x4  
  172  17:58  Ultralisk x5  
  192  18:03  Zergling x42  
  199  18:12  Extractor  
  199  18:14  Zergling x4  
  198  18:24  Hatchery  
  198  18:26  Zergling x6  
  200  18:44  Baneling x3  
  199  18:48  Zergling x4  
  199  18:55  Ultralisk  
  199  18:58  Ultralisk x2  
  199  19:03  Overseer x2  
  179  19:18  Viper x2  
  179  19:21  Overseer  
  179  19:23  Ultralisk x2  
  179  19:24  Zergling x22  
  196  19:28  Zergling x2  
  196  19:29  Zergling x2  
  189  19:34  Viper x2  
  189  19:35  Viper  
  189  19:36  Zergling x12  
  199  19:50  Overseer  
  199  19:51  Overseer x2  
  193  19:53  Zergling x2, Ultralisk  
  193  19:54  Zergling x10  
  193  20:01  Zergling x12  
  193  20:03  Extractor  
  193  20:04  Zergling x2  
  193  20:10  Overseer  
  193  20:14  Zergling x12  
  193  20:18  Hatchery  
  198  20:35  Ultralisk  
  195  20:36  Zergling x8  
  198  20:43  Overseer x3  
  183  20:52  Ultralisk x2  
  183  20:53  Zergling x24  
  184  21:01  Overseer x3  
  184  21:03  Zergling x2, Ultralisk x2  
  184  21:04  Zergling x2, Overlord x3  
  195  21:08  Overseer  
  195  21:09  Overseer  
  195  21:10  Overseer x2  
  195  21:19  Hatchery, Baneling x5  
  195  21:20  Baneling x4  
  195  21:25  Drone  
  187  21:34  Ultralisk x2  
  187  21:36  Overseer x2  
  187  21:39  Ultralisk  
  174  21:48  Ultralisk  
  174  21:49  Zergling x2  
  174  21:50  Zergling x34  
  190  21:56  Zergling x10  
  190  22:00  Zergling x2  
  184  22:02  Drone x3  
  184  22:06  Ultralisk x2  
  199  22:09  Zergling x2  
  199  22:12  Overseer x2  
  195  22:28  Zergling x2, Ultralisk x2  
  195  22:29  Zergling x6  
  194  22:41  Overseer x7  
  143  22:52  Ultralisk x2  
  143  22:53  Zergling x14  
  143  22:57  Zergling x26  
  158  23:01  Zergling x4  
  158  23:05  Zergling x2  
  136  23:06  Zergling x4  
  136  23:10  Overseer  
  138  23:14  Ultralisk  
  141  23:23  Ultralisk  
  146  23:27  Zergling x8  
  146  23:32  Zergling x6  
  146  23:51  Hatchery  
  146  23:52  Viper x2  
  144  24:01  Zergling x4  
  144  24:02  Zergling x6  
  136  24:11  Zergling x6  
  133  24:21  Ultralisk  
  128  24:32  Ultralisk  
  128  24:34  Zergling x14  
  139  24:48  Ultralisk  
  139  24:51  Drone  
  146  24:54  Zergling x12  
  147  25:04  Zergling x6  
  147  25:05  Zergling x6  
Show
View Real Time Build Order
Export as new Build Order

Serral Zerg - Winner!

Build Orders: Hatch First, Lurkers 

Get SALT Encoding   

  12  0:00  Drone  
  13  0:12  Overlord  
  13  0:17  Drone  
  14  0:31  Drone x2  
  16  0:47  Hatchery  
  15  0:50  Drone  
  15  0:55  Drone  
  17  1:08  Spawning Pool  
  17  1:10  Extractor  
  15  1:12  Drone  
  15  1:16  Drone  
  17  1:20  Drone  
  18  1:28  Drone  
  19  1:39  Drone  
  20  1:54  Queen  
  20  1:56  Overlord  
  20  1:59  Zergling x2, Queen  
  20  2:00  Drone  
  26  2:10  Drone, Metabolic Boost  
  26  2:12  Drone  
  28  2:20  Drone  
  28  2:21  Drone  
  30  2:34  Hatchery  
  29  2:37  Drone  
  29  2:38  Drone  
  31  2:46  Queen  
  33  2:53  Baneling Nest  
  33  2:55  Overlord  
  33  2:58  Drone  
  33  3:00  Zergling x2  
  33  3:03  Drone  
  33  3:04  Drone  
  36  3:13  Drone x3  
  36  3:15  Drone  
  36  3:18  Overlord  
  40  3:22  Zergling x4  
  40  3:25  Drone  
  43  3:30  Zergling x2  
  43  3:31  Evolution Chamber  
  43  3:32  Drone  
  44  3:38  Drone x3  
  47  3:46  Drone x2  
  47  3:47  Drone  
  50  3:54  Overlord  
  50  3:56  Zerg Ground Armor Level 1, Drone  
  50  3:57  Drone  
  50  3:58  Drone  
  50  4:01  Overlord  
  52  4:04  Baneling  
  52  4:05  Zergling x2  
  52  4:09  Roach Warren  
  52  4:11  Extractor, Drone  
  52  4:12  Extractor  
  52  4:15  Drone x3  
  54  4:22  Overlord  
  54  4:24  Overlord  
  54  4:33  Overlord x2  
  54  4:48  Roach  
  54  4:50  Roach x8  
  72  4:54  Roach  
  72  4:55  Roach  
  72  4:58  Roach  
  77  5:01  Roach  
  77  5:04  Roach  
  81  5:09  Roach  
  81  5:10  Roach  
  85  5:16  Zergling x14  
  85  5:17  Zergling x2  
  85  5:18  Zergling x2  
  94  5:24  Overlord  
  94  5:26  Baneling  
  94  5:27  Baneling x4  
  94  5:31  Zergling x8  
  98  5:39  Zergling x10  
  102  5:50  Baneling x8  
  99  5:59  Zergling x18  
  96  6:13  Zergling x2  
  96  6:14  Zergling x12  
  96  6:18  Queen  
  94  6:21  Zergling x4  
  88  6:27  Queen  
  88  6:33  Zergling x2  
  88  6:34  Zergling x6  
  79  6:40  Lair  
  79  6:44  Overlord  
  72  6:53  Drone  
  72  6:54  Drone x5  
  75  6:57  Baneling x2  
  75  6:59  Spore Crawler  
  75  7:00  Spore Crawler x2  
  71  7:01  Drone x2  
  71  7:04  Queen  
  71  7:06  Spore Crawler  
  71  7:08  Queen  
  74  7:10  Zerg Missile Weapons Level 1  
  74  7:12  Drone  
  77  7:15  Drone x2  
  77  7:16  Drone  
  77  7:17  Drone  
  77  7:19  Drone x2  
  77  7:21  Extractor  
  81  7:23  Spore Crawler, Drone  
  81  7:26  Drone x2  
  83  7:30  Drone x2  
  83  7:31  Drone x2  
  83  7:34  Spore Crawler  
  86  7:37  Roach  
  86  7:41  Roach x2, Infestation Pit  
  86  7:42  Overseer  
  91  7:50  Queen  
  93  7:52  Drone x2  
  93  7:54  Glial Reconstitution  
  93  7:56  Drone  
  93  7:57  Drone  
  97  8:00  Drone x2  
  99  8:05  Drone x2  
  99  8:06  Drone x2  
  103  8:13  Extractor, Queen  
  103  8:14  Extractor  
  103  8:15  Overlord x3  
  103  8:19  Hive  
  101  8:22  Spore Crawler  
  101  8:26  Drone x3  
  103  8:28  Spore Crawler  
  103  8:31  Queen  
  104  8:36  Spore Crawler  
  100  8:45  Spore Crawler  
  100  8:46  Roach x4  
  107  8:51  Queen  
  107  8:55  Hydralisk Den  
  108  8:57  Baneling  
  108  8:58  Baneling  
  108  8:59  Overlord x2  
  108  9:03  Overlord, Overseer  
  108  9:04  Zerg Ground Armor Level 2  
  108  9:27  Hatchery  
  108  9:31  Viper x4  
  102  9:34  Lurker Den  
  102  9:38  Drone x2  
  113  9:41  Hydralisk x3  
  113  9:42  Spore Crawler  
  118  9:45  Spore Crawler  
  118  9:47  Roach x4  
  124  9:59  Roach x3  
  130  10:00  Overlord x2  
  130  10:03  Hydralisk x3  
  133  10:10  Extractor  
  133  10:11  Drone x3  
  133  10:12  Spore Crawler  
  133  10:13  Hydralisk  
  133  10:16  Spore Crawler  
  133  10:18  Hydralisk x2  
  138  10:22  Hydralisk  
  138  10:24  Overseer  
  138  10:25  Pneumatized Carapace  
  140  10:31  Drone x5  
  140  10:33  Lurker  
  144  10:39  Lurker  
  144  10:40  Drone x3  
  144  10:42  Drone  
  149  10:44  Spore Crawler, Overseer  
  148  10:50  Spore Crawler, Lurker  
  148  10:55  Overlord  
  148  11:02  Hydralisk x4  
  148  11:03  Extractor x2  
  154  11:06  Overlord x2, Lurker  
  154  11:07  Overlord  
  154  11:10  Overlord  
  155  11:17  Overlord, Lurker  
  155  11:18  Lurker  
  155  11:23  Drone x3  
  155  11:24  Drone x2  
  160  11:27  Zerg Missile Weapons Level 2  
  160  11:31  Roach x3  
  166  11:35  Spore Crawler, Drone x2  
  166  11:38  Roach  
  165  11:40  Drone x2  
  165  11:42  Drone  
  165  11:44  Drone x2  
  167  11:53  Hydralisk x3  
  173  11:58  Seismic Spines  
  173  12:06  Hydralisk x2, Lurker x2  
  173  12:07  Hydralisk, Spore Crawler  
  180  12:10  Hydralisk  
  180  12:11  Overseer  
  182  12:18  Hydralisk x3  
  188  12:29  Hydralisk x2  
  166  12:41  Drone  
  166  12:42  Drone x2  
  169  12:46  Burrow, Hydralisk, Tunneling Claws  
  169  12:47  Roach  
  169  12:48  Roach x6  
  185  12:51  Muscular Augments  
  185  13:00  Drone x2  
  182  13:11  Drone x2  
  184  13:14  Roach  
  184  13:15  Roach x5  
  196  13:24  Adaptive Talons  
  196  13:28  Drone x4  
  197  13:34  Overlord, Overseer  
  197  13:38  Drone  
  197  13:40  Drone x2  
  200  14:02  Grooved Spines  
  198  14:10  Roach  
  198  14:13  Hatchery  
  198  14:14  Lurker  
  198  14:20  Zerg Missile Weapons Level 3  
  198  14:22  Hatchery  
  187  14:24  Hydralisk x3  
  187  14:25  Hydralisk x2  
  197  14:31  Roach x3  
  197  14:32  Roach, Lurker x3  
  197  14:37  Roach  
  200  14:53  Overlord  
  200  14:57  Overseer  
  188  15:06  Extractor  
  184  15:09  Roach  
  184  15:16  Hydralisk x3  
  184  15:17  Roach x4  
  184  15:18  Lurker x2  
  200  15:23  Roach  
  197  15:49  Lurker x5  
  200  15:52  Overlord x3  
  197  16:08  Evolution Chamber x2  
  197  16:09  Drone x5  
  197  16:10  Evolution Chamber x2  
  198  16:14  Drone x2  
  200  16:18  Spine Crawler, Spore Crawler  
  200  16:19  Drone x2  
  200  16:20  Spore Crawler, Overseer  
  200  16:21  Spine Crawler  
  162  16:41  Hydralisk x6  
  162  16:42  Roach x3  
  162  16:43  Roach x8  
  192  16:47  Hatchery  
  192  16:53  Lurker x9  
  200  16:55  Extractor  
  200  16:57  Zerg Ground Armor Level 3  
  200  17:01  Drone  
  200  17:03  Overlord  
  197  17:19  Overlord x2  
  197  17:20  Overlord  
  197  17:21  Drone x3  
  200  17:39  Hydralisk  
  200  17:41  Roach x2  
  182  17:53  Roach x13  
  182  17:54  Roach x2  
  186  18:10  Drone x2  
  186  18:11  Lurker x4  
  186  18:12  Spine Crawler, Lurker  
  192  18:13  Hydralisk x4  
  200  18:25  Roach x12  
  196  18:38  Drone x2  
  200  18:46  Lurker x2  
  200  18:47  Lurker  
  199  18:51  Spore Crawler  
  190  18:57  Hydralisk x7  
  190  18:58  Overseer  
  200  19:04  Roach x6  
  186  19:17  Lair  
  186  19:20  Hydralisk Den, Lurker Den  
  186  19:22  Roach x8  
  186  19:49  Drone x10  
  186  19:53  Roach x6  
  186  19:54  Roach x2  
  196  20:06  Drone  
  197  20:08  Drone  
  197  20:10  Roach x2  
  197  20:12  Roach x16  
  198  20:21  Spore Crawler  
  198  20:23  Spore Crawler  
  198  20:24  Spore Crawler  
  198  20:25  Spine Crawler  
  198  20:26  Spine Crawler  
  198  20:27  Spine Crawler  
  186  20:33  Hydralisk x3  
  186  20:34  Roach x4  
  186  20:35  Roach x3  
  200  20:41  Lair  
  181  20:59  Drone x2  
  181  21:00  Drone  
  181  21:03  Roach x16  
  184  21:08  Drone x4  
  184  21:09  Drone x2  
  190  21:24  Hydralisk x2  
  190  21:25  Hydralisk x2, Roach x5  
  198  21:28  Evolution Chamber  
  197  21:34  Spawning Pool  
  182  21:48  Hydralisk x8  
  198  21:55  Extractor x2, Drone x3  
  187  22:08  Drone x2  
  189  22:10  Lurker  
  189  22:11  Lurker x2  
  189  22:14  Roach  
  189  22:15  Roach x3  
  200  22:28  Overlord  
  200  22:29  Overlord  
  181  22:46  Hydralisk x10  
  181  22:47  Hydralisk  
  176  22:58  Roach x4  
  168  23:07  Roach  
  170  23:15  Hydralisk x2  
  170  23:16  Roach x2  
  178  23:24  Roach x6  
  178  23:25  Lurker  
  178  23:26  Lurker x6  
  186  23:27  Lurker  
  186  23:31  Drone  
  186  23:32  Roach x6  
  187  23:42  Roach x3  
  180  23:57  Roach x11  
  200  24:11  Roach x2  
  200  24:12  Roach  
  200  24:16  Roach  
  197  24:24  Overlord  
  197  24:32  Drone x3  
  200  24:42  Hatchery  
  200  24:45  Hydralisk  
  197  24:47  Hydralisk x2  
  199  24:59  Hydralisk x2  
Tags
 
Composition
Lurkers
Event
TSL 6
Matchup
ZvZ
Race
Zerg
Spawn Locations
Cross Positions
Add a new tag
Caveats
  • Supply blocks, unpowered buildings, or Contaminate may cause inaccurate times.
  • Supply counts are checked every 10 seconds.